 Dungeon Crawl Stone Soup version 0.29-a0-222-g5b244fca1f (webtiles) character file.

Game seed: 356934985985542730

108 timneilson the Shield-Bearer (level 4, 0/28 HPs)
             Began as a Gargoyle Fighter on Feb 28, 2022.
             Slain by a gnoll
             ... wielding a +0 flail
              (5 damage)
             ... on level 2 of the Dungeon.
             The game lasted 00:04:20 (2065 turns).

timneilson the Shield-Bearer (Gargoyle Fighter)     Turns: 2065, Time: 00:04:21

Health: 0/28       AC: 13    Str: 22    XL:     4   Next: 87%
Magic:  4/4        EV:  9    Int:  8    God:
Gold:   147        SH:  4    Dex:  9    Spells: 3/3 levels left

rFire   . . .      SeeInvis .   a - +0 long sword
rCold   . . .      Faith    .   c - +0 buckler
rNeg    + . .      Spirit   .   b - +0 scale mail
rPois   ∞          Reflect  .   (no helmet)
rElec   +          Harm     .   h - +2 cloak
rCorr   .          Rampage  .   (no gloves)
Will    .....                   (no boots)
Stlth   ..........              (no amulet)
HPRegen 0.09/turn               (no ring)
MPRegen 0.09/turn               (no ring)

@: studying Dodging
A: sickness immunity, AC +3, negative energy resistance 1, electricity
resistance, torment resistance 1, petrification resistance
a: no special abilities


You were on level 2 of the Dungeon.
You visited 1 branch of the dungeon, and saw 2 of its levels.

You collected 147 gold pieces.

Inventory:

Hand Weapons
 a - a +0 long sword (weapon)
Armour
 b - a +0 scale mail (worn)
 c - a +0 buckler (worn)
 g - a +0 plate armour
 h - a +2 cloak (worn)
Scrolls
 e - a scroll of identify
 f - 2 scrolls of teleportation {unknown}
Potions
 d - a potion of might


   Skills:
 + Level 3.6 Fighting
 * Level 2.7 Long Blades
 * Level 4.0 Armour
 + Level 1.1 Dodging
 * Level 4.2 Shields


You had 3 spell levels left.
You didn't know any spells.
Your spell library contained the following spells:

 Spells                   Type           Power      Damage    Failure   Level
 Corpse Rot               Necr/Air       0%         N/A       91%         2
 Poisonous Vapours        Pois/Air       0%         N/A       91%         2


Dungeon Overview and Level Annotations

Branches:
Dungeon (2/15)

Altars:
Cheibriados


Innate Abilities, Weirdness & Mutations

You are immune to sickness and miasma.
Your stone body is resilient. (AC +3)
You are immune to poison.
You resist negative energy. (rN+)
You are resistant to electric shocks. (rElec)
You are resistant to unholy torment.
You are immune to petrification.


Message History

You hit the gnoll.
The gnoll is lightly wounded.
The gnoll closely misses you. You block the gnoll's attack.
You barely miss the gnoll.
The gnoll is lightly wounded.
The gnoll hits you with a +0 halberd!
You barely miss the gnoll.
The gnoll is lightly wounded.
The gnoll barely misses you.
You hit the gnoll.
The gnoll is heavily wounded.
The gnoll barely misses you.
You hit the gnoll but do no damage.
The gnoll is heavily wounded.
The gnoll misses you. The gnoll hits you but does no damage.
You slash the gnoll!
You kill the gnoll!
The gnoll barely misses you.
You slash the gnoll!
The gnoll is heavily wounded.
The gnoll hits you but does no damage.
You barely miss the gnoll.
The gnoll is heavily wounded.
The gnoll hits you with a +0 flail. The gnoll closely misses you.
You closely miss the gnoll.
The gnoll is heavily wounded.
The gnoll hits you with a +0 flail.
You slash the gnoll!
You kill the gnoll!
The gnoll hits you but does no damage.
Your Armour skill increases to level 4!
You barely miss the gnoll. The gnoll barely misses you.
You completely miss the gnoll. The gnoll hits you but does no damage.
The gnoll barely misses you.
You completely miss the gnoll. The gnoll completely misses you.
You barely miss the gnoll. The gnoll hits you with a +0 flail.
* * * LOW HITPOINT WARNING * * *
You barely miss the gnoll. The gnoll hits you but does no damage.
The gnoll hits you with a +0 flail.
You die...

#######...........#...
#.....+...........#...
##.####...#.#.#####...
#.# ######..........#
#.# #................
#.# #.###............
#.# #.#....#.#..#....
#.###.#.##.#.#....##.
#..g@................
#..#######+#######...
#..# #... #.g# #...
#..# #... #.g# #.<#
##.# #..# #g###+###.
#... #.'....... +...


You could see a gnoll.

Vanquished Creatures
  3 gnolls
  2 adders (D:2)
  A worm (D:2)
  2 dart slugs (D:1)
  7 ball pythons (D:1)
  9 bats
  5 endoplasms
  A giant cockroach (D:1)
  7 goblins
  2 hobgoblins (D:1)
  4 jackals (D:2)
  A quokka (D:1)
  3 frilled lizards
  3 kobolds
  5 rats
55 creatures vanquished.

Notes
Turn   | Place    | Note
-------+----------+-------------------------------------------
     0 | D:1      | timneilson the Gargoyle Fighter began the quest for the
                  | Orb.
     0 | D:1      | Reached XP level 1. HP: 14/14 MP: 1/1
   113 | D:1      | Reached XP level 2. HP: 18/19 MP: 2/2
   515 | D:1      | Reached XP level 3. HP: 7/23 MP: 3/3
  1290 | D:1      | Identified a scroll of acquirement
  1291 | D:1      | Acquired a manual of Dodging
  1332 | D:2      | Found a snail-covered altar of Cheibriados.
  1340 | D:2      | Reached XP level 4. HP: 26/28 MP: 4/4
  1731 | D:2      | Reached skill level 1 in Dodging
  2065 | D:2      | Slain by a gnoll

Illustrated notes

Levels and vault maps discovered:
D:1:      amcnicky_arrival_blooded_trapdoor, layout_rooms
D:2:      layout_basic, basic_altar, minmay_door_square

Skill      XL: |  1  2  3  4 |
---------------+-------------+-----
Long Blades    | 2 |  2.7
Shields        | 4 |  4.2
Dodging        | 1 |  1.1
Armour         | 4 |  4.0
Fighting       | |  3.6

Action                   |  1- 3 |  4- 6 || total
-------------------------+-------+-------++-------
Melee: Long sword        |   116 |   103 ||   219
  Use: Scroll            |     2 |       ||     2
Armor: Scale mail        |    91 |    93 ||   184
Dodge: Dodged            |    81 |    70 ||   151
Block: Buckler           |    38 |    36 ||    74

Table legend: (Time is in decaauts)
 A = Elapsed time spent in this place.
 B = Non-inter-level travel time spent in this place.
 C = Inter-level travel time spent in this place.
 D = Time resting spent in this place.
 E = Time spent auto-exploring this place.
 F = Levels seen in this place.
 G = Mean time per level.
                   A        B        C        D        E       F      G
               +--------+--------+--------+--------+--------+-----+--------+
         Total |   2137 |   2099 |     38 |    205 |   1376 |   2 | 1068.5 |
       Dungeon |   2137 |   2099 |     38 |    205 |   1376 |   2 | 1068.5 |
               +--------+--------+--------+--------+--------+-----+--------+

Top non-repeatable levels by time:
     D:1: 1577 daAuts
     D:2: 560 daAuts
